 Dungeon Crawl Stone Soup version 0.27-a0-1324-ge0d8e047f6 (webtiles) character file.

Game seed: 9625704103622154659

56 BattleRest the Shield-Bearer (level 3, 0/33 HPs)
             Began as a Minotaur Fighter on June 23, 2021.
             Was a Follower of Dithmenos.
             Killed by divine providence
             ... invoked by an orc priest
              (14 damage)
             ... on level 2 of the Dungeon.
             The game lasted 00:02:29 (1450 turns).

BattleRest the Shield-Bearer (Minotaur Fighter)     Turns: 1450, Time: 00:02:30

Health: 0/33       AC:  7    Str: 21    XL:     3   Next: 71%
Magic:  2/2        EV:  7    Int:  5    God:    Dithmenos [*.....]
Gold:   40         SH:  9    Dex:  9    Spells: 2/2 levels left

rFire    . . .     SeeInvis .   a - +0 flail
rCold    . . .     Faith    .   c - +0 kite shield
rNeg     . . .     Spirit   .   b - +0 scale mail
rPois    .         Reflect  .   (helmet restricted)
rElec    .         Harm     .   (no cloak)
rCorr    .         Rampage  .   (no gloves)
Will     .....                  (no boots)
Stlth    ..........             (no amulet)
HPRegen  0.11/turn              (no ring)
MPRegen  0.08/turn              (no ring)

@: wreathed by umbra
A: horns 2, retaliatory headbutt
a: Renounce Religion


You were on level 2 of the Dungeon.
You worshipped Dithmenos.
Dithmenos was aware of your devotion.
You visited 1 branch of the dungeon, and saw 2 of its levels.

You collected 40 gold pieces.

Inventory:

Hand Weapons
 a - a +0 flail (weapon)
Armour
 b - a +0 scale mail (worn)
 c - a +0 kite shield (worn)
Scrolls
 e - a scroll of noise {unknown}
 g - 2 scrolls of identify {unknown}
Potions
 d - a potion of might
 f - a potion of resistance {unknown}


   Skills:
 + Level 4.2 Fighting
 + Level 3.2 Maces & Flails
 + Level 4.2 Armour
 + Level 4.2 Shields


You had 2 spell levels left.
You didn't know any spells.
Your spell library contained the following spells:

 Spells                   Type           Power      Damage    Failure   Level
 Foxfire                  Conj/Fire      0%         2x1d4     99%         1
 Conjure Flame            Conj/Fire      0%         6-21      100%        3
 Inner Flame              Hex/Fire       0%         N/A       100%        3
 Sticky Flame             Conj/Fire      0%         2d3       100%        4
 Fireball                 Conj/Fire      0%         3d3       100%        5


Dungeon Overview and Level Annotations

Branches:
Dungeon (2/15)

Altars:
Dithmenos

Shops:
D:2 =


Innate Abilities, Weirdness & Mutations

You have a pair of horns on your head.
You reflexively headbutt those who attack you in melee.


Message History

You see here a book of Flames.
There is a stone staircase leading down here.
You see here a +0 spear.
You see here a +0 robe.
g - 2 scrolls labelled KUOFAP TIHE (gained 1)
There is an open door here.
There is an entrance to Coppug's Jewellery Emporium here.
There is an escape hatch in the ceiling here.
Found a stone staircase leading down.
There is a stone staircase leading down here.
An orc comes into view. It is wielding a +0 dagger.
The orc shouts!
The orc moves out of view.
An orc comes into view. It is wielding a +0 flail.
An orc priest comes into view. It is wielding a +0 club.
The orc shouts!
The orc priest shouts!
The orc priest invokes the aid of Beogh against you.
Beogh smites you! The orc hits you but does no damage.
The orc priest looks encouraged for a moment.
You hit the orc. You headbutt the orc.
The orc is heavily wounded.
The orc hits you with a +0 flail!
You are too injured to fight recklessly!
You are too injured to fight recklessly!
You are too injured to fight recklessly!
You are too injured to fight recklessly!
You are too injured to fight recklessly!
You closely miss the orc. You headbutt the orc.
You kill the orc!
Dithmenos accepts your kill. The orc hits you but does no damage.
You closely miss the orc. You headbutt the orc!
You kill the orc!
Dithmenos accepts your kill.
You hit the orc priest but do no damage.
The orc priest hits you with a +0 club.
The orc priest calls down the wrath of Beogh upon you.
Beogh smites you!
You die...

#############################
...........................<#
.############################
.# #...o@....# .# #.#######.#
.# #.# .######## #.####
†#......# ####....#####
.#......# ...............#
.#......###############.##.##
........................##.#
........##################.#


You could see an orc priest.

Vanquished Creatures
  3 adders (D:2)
  A worm (D:2)
  A dart slug (D:1)
  2 orcs (D:2)
  2 ball pythons (D:2)
  2 endoplasms
  2 giant cockroaches (D:1)
  2 hobgoblins (D:2)
  2 kobolds
  2 quokkas (D:2)
  A bat (D:2)
  A frilled lizard (D:2)
  A goblin (D:2)
  A rat (D:2)
23 creatures vanquished.

Notes
Turn   | Place    | Note
-------+----------+-------------------------------------------
     0 | D:1      | BattleRest the Minotaur Fighter began the quest for the
                  | Orb.
     0 | D:1      | Reached XP level 1. HP: 19/19 MP: 0/0
   233 | D:1      | Reached XP level 2. HP: 26/27 MP: 1/1
   344 | D:1      | Found a faded altar of an unknown god.
   361 | D:1      | Became a worshipper of Dithmenos the Shadowed
   361 | D:1      | Reached * piety under Dithmenos
   593 | D:2      | Found Coppug's Jewellery Emporium.
   875 | D:2      | Reached XP level 3. HP: 33/33 MP: 2/2
  1450 | D:2      | Killed from afar by an orc priest

Illustrated notes

Levels and vault maps discovered:
D:1:      roderic_dead_forest, layout_rooms, ebering_ecumenical_altar_petrified,
          hangedman_decor_slide_cut, hex_medium, chequers_arboretum
D:2:      layout_basic, serial_shops, shop

Skill      XL: |  1  2 |
---------------+-------+-----
Fighting       | 4 |  4.2
Armour         | 4 |  4.2
Shields        | 4 |  4.2
Maces & Flails | 3 |  3.2

Action                   || total
-------------------------++-------
Melee: Flail             ||    69
       Headbutt          ||    11
Armor: Scale mail        ||    30
Dodge: Dodged            ||    26
Block: Kite shield       ||    29

Table legend: (Time is in decaauts)
 A = Elapsed time spent in this place.
 B = Non-inter-level travel time spent in this place.
 C = Inter-level travel time spent in this place.
 D = Time resting spent in this place.
 E = Time spent auto-exploring this place.
 F = Levels seen in this place.
 G = Mean time per level.
                   A        B        C        D        E       F      G
               +--------+--------+--------+--------+--------+-----+--------+
         Total |   1481 |   1470 |     11 |    284 |   1005 |   2 |  740.5 |
       Dungeon |   1481 |   1470 |     11 |    284 |   1005 |   2 |  740.5 |
               +--------+--------+--------+--------+--------+-----+--------+

Top non-repeatable levels by time:
     D:2: 987 daAuts
     D:1: 493 daAuts
